 Dungeon Crawl Stone Soup version 0.23-a0-393-g6e9e0f2 (webtiles) character file.

32 Amnesiac the Chopper (level 3, -1/33 HPs)
             Began as a Hill Orc Monk on Nov 1, 2018.
             Slain by a worm (2 damage)
             ... on level 3 of the Dungeon.
             The game lasted 00:01:34 (567 turns).

Amnesiac the Chopper (Hill Orc Monk)                 Turns: 567, Time: 00:01:35

Health: -1/33      AC:  8    Str: 14    XL:     3   Next: 27%
Magic:  3/3        EV:  6    Int: 10    God:
Gold:   25         SH:  3    Dex: 13    Spells: 2/2 levels left

rFire    . . .     SeeInvis .   a - +0 hand axe
rCold    + . .     Gourm    .   i - +0 buckler
rNeg     . . .     Faith    .   d - +0 chain mail
rPois    .         Spirit   .   (no helmet)
rElec    .         Reflect  .   (no cloak)
rCorr    .         Harm     .   (no gloves)
MR       .....                  (no boots)
Stlth    ..........             (no amulet)
HPRegen  0.11/turn              h - ring of protection from cold
MPRegen  0.08/turn              (no ring)

@: no status effects
A: no striking features
a: no special abilities


You were on level 3 of the Dungeon.
You were not hungry.

You visited 1 branch of the dungeon, and saw 3 of its levels.

You collected 25 gold pieces.

Inventory:

Hand Weapons
 a - a +0 hand axe (weapon)
 e - a +2 dagger of venom
Armour
 d - a +0 chain mail (worn)
 i - a +0 buckler (worn)
Jewellery
 h - a ring of protection from cold (left hand)
Wands
 j - a wand of disintegration (12)
Scrolls
 b - a scroll of blinking {!r, unknown}
 f - a scroll of identify {!r, unknown}
 k - a scroll of remove curse {!r, unknown}
Potions
 g - a potion of agility {!q, unknown}
Comestibles
 c - a ration


   Skills:
 - Level 4.0 Fighting
 * Level 5.1 Axes
 + Level 0.6 Armour
 - Level 2.4 Dodging
 - Level 1.5 Stealth
 + Level 0.6 Shields


You had 2 spell levels left.
You didn't know any spells.
Your spell library was empty.

Dungeon Overview and Level Annotations

Branches:
Dungeon (3/15)

Altars:
Dithmenos
Elyvilon


Message History

j - a wand of disintegration (12);
k - a scroll labeled TUZEED PEATER {!r}
Found a robe.
A goblin comes into view. It is wielding a +0 dagger.
There is a white marble altar of Elyvilon here.
The goblin hits you with a +0 dagger.
Your chain mail prevents you from hitting the goblin.
The goblin hits you with a +0 dagger. The goblin hits you but does no damage.
You closely miss the goblin. The goblin hits you with a +0 dagger.
You barely miss the goblin. The goblin closely misses you.
You hit the goblin.
You kill the goblin!
You see here a +0 dagger.
You start resting.
A worm comes into view.
A worm is nearby!
A worm is nearby!
Found a scroll labeled KUUSHR FYIGEJAMP.
You barely miss the worm. The worm bites you but does no damage.
You hit the worm.
The worm is moderately wounded.
The worm bites you.
You hit the worm.
The worm is moderately wounded.
You hit the worm.
The worm is moderately wounded.
The worm bites you.
Your chain mail prevents you from hitting the worm.
The worm is moderately wounded.
Your chain mail prevents you from hitting the worm.
The worm is moderately wounded.
The worm bites you.
* * * LOW HITPOINT WARNING * * *
Your shield prevents you from hitting the worm.
The worm is moderately wounded.
The worm bites you.
* * * LOW HITPOINT WARNING * * *
You hit the worm but do no damage.
The worm is moderately wounded.
You hit the worm.
The worm is heavily wounded.
The worm bites you but does no damage.
You slash the worm!
The worm is almost dead.
You hit the worm but do no damage.
The worm is almost dead.
The worm bites you.
* * * LOW HITPOINT WARNING * * *
You are too injured to fight recklessly!
You are too injured to fight recklessly!
You are too injured to fight recklessly!
You are too injured to fight recklessly!
You barely miss the worm.
The worm is almost dead.
The worm bites you but does no damage.
Your chain mail prevents you from hitting the worm.
The worm is severely wounded.
You hit the worm.
The worm is almost dead.
The worm bites you.
* * * LOW HITPOINT WARNING * * *
You barely miss the worm.
The worm is severely wounded.
The worm bites you.
You die...

........?#.#
.........#.#
#..........#.#
#............#
#............#
#[...........+
........w...#
.......@#
#######.#.#.####.#
+....[...........#
###.....#.#.########
#....+#.#.).......
#......_..########
#....##.#.#
###########.##...#
.........##.######


You could see a worm.

Vanquished Creatures
  An adder (D:3)
  A leopard gecko (D:3)
  3 bats
  A giant cockroach (D:1)
  3 goblins
  2 hobgoblins
  4 jackals (D:1)
  2 quokkas (D:3)
  3 rats (D:2)
20 creatures vanquished.

Notes
Turn   | Place    | Note
-------+----------+-------------------------------------------
     0 | D:1      | Amnesiac the Hill Orc Monk began the quest for the Orb.
     0 | D:1      | Reached XP level 1. HP: 19/19 MP: 1/1
    94 | D:1      | Reached XP level 2. HP: 22/27 MP: 2/2
   211 | D:2      | Found a shadowy altar of Dithmenos.
   410 | D:3      | Reached skill level 5 in Axes
   410 | D:3      | Reached XP level 3. HP: 21/33 MP: 3/3
   528 | D:3      | Found a white marble altar of Elyvilon.
   566 | D:3      | HP: 1/33 [worm (6)]
   567 | D:3      | Slain by a worm

Vault maps used:
D:1:      ncdulo_lavacross
D:2:      nicolae_ashenzari_panopticon, nicolae_tso_swordbearing_angel,
          nicolae_dithmenos_shadow_blocks, lemuel_doored_altar
D:3:      lemuel_crystal_altar, nemelex_xobeh_ov_fountains_minmay

Skill      XL: |  1  2 |
---------------+-------+-----
Fighting       | 4 |  4.0
Axes           | 5 |  5.1
Armour         | |  0.6
Dodging        | |  2.4
Stealth        | |  1.5
Shields        | |  0.6

Action                   || total
-------------------------++-------
Melee: Hand axe          ||    98
 Stab: Sleeping          ||     1
Armor: Chain mail        ||    56
Dodge: Dodged            ||    25
Block: Buckler           ||     2

Table legend:
 A = Non-vault XP
 B = Vault XP
 C = Vault XP percentage of total XP
 D = Non-vault monster count
 E = Vault monster count
 F = Vault count percentage of total count
                 A         B        C        D         E       F
            +---------+---------+-------+---------+---------+-------
      Total |      47 |       0 |   0.0 |      20 |       0 |   0.0
            +---------+---------+-------+---------+---------+-------
        D:1 |      18 |       0 |   0.0 |      10 |       0 |   0.0
        D:2 |       6 |       0 |   0.0 |       5 |       0 |   0.0
        D:3 |      23 |       0 |   0.0 |       5 |       0 |   0.0
            +---------+---------+-------+---------+---------+-------
